 Dungeon Crawl Stone Soup version 0.17-a0-1906-g6d5812e (webtiles) character file.

170 Copingsaw the Insei (level 5, -3/33 HPs)
             Began as an Octopode Transmuter on Sept 25, 2015.
             Slain by Crazy Yiuf
             ... wielding a +3 quarterstaff of chaos
              (24 damage)
             ... on level 3 of the Dungeon.
             The game lasted 00:13:43 (4413 turns).

Copingsaw the Insei (Octopode Transmuter)           Turns: 4413, Time: 00:13:43

Health: -3/33      AC:  1    Str:  9    XL:     5   Next: 50%
Magic:  2/9        EV: 13    Int: 17    God:
Gold:   163        SH:  0    Dex: 12    Spells: 3 memorised, 4 levels left

rFire  . . .     SeeInvis .       - Unarmed
rCold  + . .     Clarity  .     (no shield)
rNeg   + . .     SustAt   .     (helmet restricted)
rPois  .         Gourm    .     h - amulet of warding
rElec  .         Spirit   .     r - ring of stealth
rCorr  .         Warding  +     t - ring of protection from cold
rMut   .         Stasis   .     (no ring)
MR     .....                    (no ring)
Stlth  ++++......               (no ring)
                                (no ring)
                                (no ring)
                                (no ring)

@: appendage, not resistant to hostile enchantments, stealthy
A: almost no armour, amphibious, 8 rings, constrict 8, tentacle spike 3,
camouflage 1, gelatinous body 1
a: End Transformation


You were on level 3 of the Dungeon.
You were not hungry.
One of your tentacles had a temporary spike.
You visited 1 branch of the dungeon, and saw 3 of its levels.

You collected 163 gold pieces.

Inventory:

Hand weapons
 n - a +0 hunting sling
Missiles
 a - 54 arrows
 g - 10 arrows of frost
 k - 8 needles of sleeping
 p - 72 stones (quivered)
 q - 13 curare-tipped needles
Armour
 j - a +0 buckler
Jewellery
 h - an amulet of warding (around mantle)
 r - a ring of stealth (left tentacle)
 t - a ring of protection from cold (right tentacle)
Scrolls
 d - a scroll of random uselessness {unknown}
 e - 2 scrolls of magic mapping {unknown}
 l - a scroll of fog {unknown}
 m - 2 scrolls of identify {unknown}
 u - a scroll of immolation {unknown}
 x - a scroll of blinking {unknown}
 y - 2 scrolls of remove curse {unknown}
 A - a scroll of enchant armour {unknown}
Potions
 f - a potion of invisibility {unknown}
 i - a potion of heal wounds {unknown}
 o - a potion of magic {unknown}
 s - a potion of might {unknown}
 z - 2 potions of poison {unknown}
 B - a potion of degeneration {unknown}
Books
 b - a book of Changes

   Spells                             Type                      Level
   a - Beastly Appendage              Transmutation                1
   b - Sticks to Snakes               Transmutation                2
   c - Spider Form                    Transmutation/Poison         3
   d - Ice Form                       Ice/Transmutation            4
   e - Blade Hands                    Transmutation                5
Comestibles
 c - 3 bread rations
 v - 3 meat rations
 w - a beef jerky


   Skills:
 - Level 1.3 Fighting
 + Level 3.0 Dodging
 + Level 1.5 Stealth
 + Level 3.6 Unarmed Combat
 - Level 3.0 Spellcasting
 * Level 3.4 Transmutations


You had 4 spell levels left.
You knew the following spells:

 Your Spells              Type           Power        Failure   Level  Hunger
a - Beastly Appendage     Trmt           ##....       4%          1    None
b - Sticks to Snakes      Trmt           ##........   10%         2    ##.....
c - Spider Form           Trmt/Pois      #.........   30%         3    ###....


Dungeon Overview and Level Annotations

Branches:
Dungeon (3/15)

Altars:
Sif Muna
Yredelemnul

Annotations:
D:3 Crazy Yiuf


Innate Abilities, Weirdness & Mutations

You cannot wear most types of armour.
You are amphibious.
You can wear up to eight rings at the same time.
You can use your tentacles to constrict eight enemies at once.
Your skin changes colour to match your surroundings (Stealth).
Your rubbery body absorbs attacks (AC +1).
One of your tentacles bears a large vicious spike.


Message History

Your Dodging skill increases to level 3!
Your transformation is almost over.
You start resting.
Casting: Beastly Appendage
Confirm with . or Enter, or press ? or * to list all spells.
You create a snake!
Casting: Sticks to Snakes
Confirm with . or Enter, or press ? or * to list all spells.
You create a snake!
Your tentacle spike disappears.
Your adder bites Crazy Yiuf.
Casting: Sticks to Snakes
Confirm with . or Enter, or press ? or * to list all spells.
One of your tentacles grows a vicious spike.
Your adder barely misses Crazy Yiuf.
Crazy Yiuf screams, "Two disdain sanguine!"
Crazy Yiuf hits you with a quarterstaff of chaos!
Space warps horribly around you!
Ouch! That really hurt!
You die...

#.......###
#####......##
...........#
.###........#
............#
...####.#####
..#####.#
......#(####
..........@##
.####.....Sg#...
..........SS.....
#.####.>#####....
....## #.##
...### .# ## #


You could see Crazy Yiuf, 2 friendly adders and a friendly ball python.

Vanquished Creatures
  A jelly (D:3)
  10 adders
  4 giant geckos
  2 ball pythons (D:3)
  A giant cockroach (D:2)
  4 hobgoblins
  7 jackals
  3 quokkas (D:2)
  5 bats
  A giant newt (D:1)
  2 gnoll zombies (D:2)
  5 goblins
  9 kobolds
  5 rats
59 creatures vanquished.

Notes
Turn   | Place    | Note
--------------------------------------------------------------
     0 | D:1      | Copingsaw the Octopode Transmuter began the quest for the Orb.
     0 | D:1      | Reached XP level 1. HP: 13/13 MP: 3/3
   309 | D:1      | Reached XP level 2. HP: 18/18 MP: 3/5
  1155 | D:1      | Reached XP level 3. HP: 15/23 MP: 4/6
  1326 | D:1      | Learned a level 2 spell: Sticks to Snakes
  1330 | D:1      | Learned a level 3 spell: Spider Form
  2308 | D:2      | Reached XP level 4. HP: 28/28 MP: 5/8
  2405 | D:2      | Found a basalt altar of Yredelemnul.
  2446 | D:2      | Found a deep blue altar of Sif Muna.
  2780 | D:2      | Reached skill level 1 in Stealth
  3152 | D:2      | Reached XP level 5. HP: 27/33 MP: 7/9
  3649 | D:3      | Noticed Crazy Yiuf
  3692 | D:2      | HP: 1/33 [poisoned by an adder]
  4413 | D:3      | Slain by Crazy Yiuf

Vault maps used:
D:1:      sevenhm_arrival_forest_fort_small_4
D:2:      lemuel_zombie_altar_yredelemnul, first_bread, led_sif_pool
D:3:      roderic_lattice_a, grunt_gozag_statues, uniq_crazy_yiuf_cottage

Action                   |  1- 3 |  4- 6 || total
-------------------------+-------+-------++-------
Melee: Unarmed           |    89 |    76 ||   165
Throw: Stone             |    10 |    13 ||    23
 Cast: Beastly Appendage |    27 |    20 ||    47
       Sticks to Snakes  |       |     6 ||     6
 Stab: Sleeping          |     1 |     3 ||     4
  Eat: Chunk             |     4 |     6 ||    10
       Beef jerky        |       |     1 ||     1
